 Dungeon Crawl Stone Soup version 0.24.0-1-gfbc8707 (webtiles) character file.

Game seed: 7146235452603385772, levelgen mode: deterministic

66 Fang the Skirmisher (level 4, -2/43 HPs)
             Began as a Gargoyle Berserker on Oct 29, 2019.
             Was a Believer of Trog.
             Slain by a bullfrog (5 damage)
             ... on level 2 of the Dungeon.
             The game lasted 00:01:39 (1868 turns).

Fang the Skirmisher (Gargoyle Berserker)            Turns: 1868, Time: 00:01:40

Health: -2/43      AC:  5    Str: 27    XL:     4   Next: 15%
Magic:  4/4        EV: 12    Int:  7    God:    Trog [**....]
Gold:   135        SH:  0    Dex:  9    Spells: 3/3 levels left

rFire    . . .     SeeInvis .   a - +0 hand axe
rCold    . . .     Gourm    .   (no shield)
rNeg     + . .     Faith    .   b - +0 animal skin
rPois    ∞         Spirit   .   (no helmet)
rElec    +         Reflect  .   (no cloak)
rCorr    .         Harm     .   (no gloves)
MR       .....                  (no boots)
Stlth    ..........             (no amulet)
HPRegen  0.14/turn              (no ring)
MPRegen  0.09/turn              (no ring)

@: berserking, very quick
A: negative energy resistance 1, electricity resistance, unbreathing,
petrification resistance, rot immunity, AC +3
a: Berserk, Trog's Hand, Renounce Religion


You were on level 2 of the Dungeon.
You worshipped Trog.
Trog was pleased with you.
You were hungry.

You visited 1 branch of the dungeon, and saw 2 of its levels.

You collected 135 gold pieces.

Inventory:

Hand Weapons
 a - a +0 hand axe (weapon)
Armour
 b - a +0 animal skin (worn)
Jewellery
 k - a cursed ring of teleportation {unknown}
Scrolls
 d - 2 scrolls of magic mapping {unknown}
 e - a scroll of enchant weapon {unknown}
 g - a scroll of amnesia {unknown}
 h - 2 scrolls of teleportation {unknown}
 i - a scroll of remove curse {unknown}
 m - a scroll of identify {unknown}
Potions
 j - a potion of might {unknown}
 l - a potion of haste {unknown}
Comestibles
 c - 7 rations
 f - a chunk of flesh


   Skills:
 + Level 4.0 Fighting
 + Level 3.2 Axes
 + Level 3.0 Armour
 + Level 2.1 Dodging


You had 3 spell levels left.
You didn't know any spells.
Your spell library was empty.

Dungeon Overview and Level Annotations

Branches:
Dungeon (2/15)

Altars:


Innate Abilities, Weirdness & Mutations

You are resistant to torment.
Your stone body is resilient. (AC +3)
You are immune to poison.
You resist negative energy. (rN+)
You are resistant to electric shocks. (rElec)
You can survive without breathing.
You are immune to petrification.
You are immune to rotting.


Message History

You closely miss the bullfrog.
The bullfrog is heavily wounded.
The bullfrog hits you but does no damage.
You completely miss the bullfrog.
The bullfrog is heavily wounded.
The bullfrog hits you.
* * * LOW HITPOINT WARNING * * *
You closely miss the bullfrog.
The bullfrog is heavily wounded.
The bullfrog closely misses you.
You closely miss the bullfrog.
The bullfrog is heavily wounded.
The bullfrog barely misses you.
You barely miss the bullfrog.
The bullfrog is heavily wounded.
The bullfrog closely misses you.
You barely miss the bullfrog.
The bullfrog is heavily wounded.
The bullfrog hits you.
You die...

#.# ##### #.# ...#
#.# #####.###.##
#.###.(....#...##
#...............#
#####(####.#...###.#
#(# #.........# #@#
####.###### #F# #.#
#.# ##'## #.#
##...## #.#
##.....## ).$
##.......## # ...
#.........#### ...
+.........+...
#.........####


You could see a bullfrog.

Vanquished Creatures
  2 oozes (D:1)
  A dart slug (D:2)
  A leopard gecko (D:1)
  4 bats
  7 giant cockroaches (D:1)
  7 goblins
  5 hobgoblins (D:1)
  6 jackals
  6 kobolds
  A quokka (D:2)
  4 frilled lizards
  5 rats
49 creatures vanquished.

Notes
Turn   | Place    | Note
-------+----------+-------------------------------------------
     0 | D:1      | Fang the Gargoyle Berserker began the quest for the Orb.
     0 | D:1      | Reached XP level 1. HP: 14/14 MP: 1/1
    68 | D:1      | Reached XP level 2. HP: 3/19 MP: 2/2
   685 | D:1      | Reached XP level 3. HP: 17/23 MP: 3/3
  1303 | D:2      | Reached ** piety under Trog
  1480 | D:2      | Reached XP level 4. HP: 29/29 MP: 4/4
  1669 | D:2      | Reached skill level 4 in Fighting
  1848 | D:2      | Noticed a bullfrog
  1864 | D:2      | HP: 2/43 [bullfrog (4)]
  1868 | D:2      | Slain by a bullfrog

Levels and vault maps discovered:
D:1:      moated_graveyard_arrival, layout_basic, minmay_worlds_worst_comb
D:2:      layout_loops_corners

Skill      XL: |  1  2  3  4 |
---------------+-------------+-----
Axes           | 3 |  3.2
Dodging        | 2 |  2.1
Fighting       | 4 |  4.0
Armour         | 3 |  3.0

Action                   |  1- 3 |  4- 6 || total
-------------------------+-------+-------++-------
Melee: Hand axe          |   114 |    45 ||   159
Invok: Berserk           |     1 |     1 ||     2
  Eat: Chunk             |     3 |     1 ||     4
Armor: Animal skin       |    50 |    14 ||    64
Dodge: Dodged            |    88 |    30 ||   118
